 Dungeon Crawl Stone Soup version 0.18.1-48-g4cf74bf (webtiles) character file.

1716 Loading the Grappler (level 9, -1/75 HPs)
             Began as a Ghoul Monk on June 4, 2016.
             Was an Elder of Makhleb.
             Slain by Prince Ribbit (2 damage)
             ... on level 7 of the Dungeon on Aug 28, 2016.
             The game lasted 00:15:34 (5111 turns).

Loading the Grappler (Ghoul Monk)                   Turns: 5111, Time: 00:15:35

Health: -1/75      AC: 11    Str: 15    XL:     9   Next: 4%
Magic:  11/11      EV:  7    Int:  5    God:    Makhleb [****..]
Gold:   347        SH:  0    Dex: 14    Spells: 0 memorised, 8 levels left

rFire  . . .     SeeInvis .       - Unarmed
rCold  + . .     Gourm    .     o - +0 chain mail
rNeg   + + +     Faith    .     (no shield)
rPois  ∞         Spirit   .     d - +0 hat {MR+}
rElec  .         Dismiss  .     (no cloak)
rCorr  .         Reflect  .     (no gloves)
SustAt .         Harm     .     m - +2 pair of boots
MR     +....                    (no amulet)
Stlth  ..........               (no ring)
                                (no ring)

@: rotting, somewhat resistant to hostile enchantments, extremely unstealthy
A: rotting body, claws 1, carnivore 3, cold resistance 1, negative energy
resistance 3, slow regeneration 1, torment resistance, unbreathing
a: Minor Destruction, Lesser Servant of Makhleb, Major Destruction, Renounce
Religion


You were on level 7 of the Dungeon.
You worshipped Makhleb.
Makhleb was greatly pleased with you.
You were not hungry.

You visited 1 branch of the dungeon, and saw 7 of its levels.

You collected 347 gold pieces.

Inventory:

Armour
 a - a +0 robe
 d - a +0 hat of magic resistance (worn)
 k - a +0 ring mail
 m - a +2 pair of boots (worn)
 n - a +0 helmet
 o - a +0 chain mail (worn)
 w - a +0 plate armour
Jewellery
 x - an uncursed ring of resist corrosion {unknown}
 y - a +3 ring of dexterity {unknown}
Wands
 f - a wand of iceblast (5/15)
Scrolls
 e - 3 scrolls of remove curse
 g - a scroll of enchant weapon
 q - a scroll of recharging
 s - 2 scrolls of teleportation
 u - a scroll of identify
Potions
 c - a potion of cancellation
 h - a potion of might
 i - 2 potions of ambrosia
 l - a potion of agility
 r - a potion of haste
 t - a potion of mutation {unknown}
Miscellaneous
 p - a lamp of fire
Comestibles
 b - 3 meat rations
 j - a royal jelly
 v - a slice of pizza
 z - 2 chunks of flesh


   Skills:
 + Level 6.3 Fighting
 - Level 1.0 Armour
 - Level 3.0 Dodging
 + Level 6.2 Stealth
 * Level 9.1 Unarmed Combat
 + Level 4.6 Invocations


You had 8 spell levels left.
You didn't know any spells.

Dungeon Overview and Level Annotations

Branches:
Dungeon (7/15)             Temple (0/1) D:6

Altars:
Ashenzari
Dithmenos
Elyvilon
Makhleb
The Shining One

Annotations:
D:7 Prince Ribbit


Innate Abilities, Weirdness & Mutations

Your body is rotting away.
You thrive on raw meat.
You are immune to poison.
You have sharp fingernails.
You are carnivorous and can eat meat at any time.
Your flesh is cold resistant.
You are immune to negative energy.
You regenerate slowly when monsters are visible.
You are immune to unholy pain and torment.
You can survive without breathing.


Message History

The hound is severely wounded.
Prince Ribbit blinks!
The hound bites you.
* * * LOW HITPOINT WARNING * * *
You scratch the hound.
The hound is almost dead.
The hound bites you.
* * * LOW HITPOINT WARNING * * *
Your chain mail prevents you from hitting the hound.
The hound is almost dead.
The hound bites you but does no damage. Prince Ribbit hits you!
* * * LOW HITPOINT WARNING * * *
You closely miss the hound.
The hound is almost dead.
The hound bites you but does no damage.
Prince Ribbit hits you but does no damage.
The hound barely misses you.
You closely miss the hound.
The hound is almost dead.
Prince Ribbit hits you.
You die...

####### .......
.......#####
.......)...#
...........#
......h@F..#
...........######
#######..........
#.....#..........
#.....'..........
#.....#..........
#.....#..........
#...÷.#..........
#####'###+###+###


You could see Prince Ribbit and a hound.

Vanquished Creatures
  Pikel (D:6)
  A sky beast (D:5)
  A slave (D:6)
  A phantom (D:4)
  3 ogres
  A giant frog (D:6)
  A howler monkey (D:4)
  An electric eel (D:6)
  4 hounds
  3 crimson imps
  An orc priest (D:6)
  The ghost of Gnarff the Scratcher, a weakling FeTm (D:3)
  A giant frog skeleton (D:4)
  An iguana (D:4)
  4 orc wizards
  2 worker ants
  4 adders
  A shadow imp (D:6)
  2 oozes
  3 worms
  10 dart slugs
  2 giant geckos
  16 orcs
  4 giant cockroaches
  11 goblins
  9 hobgoblins
  15 jackals
  6 quokkas
  3 ball pythons
  6 bats
  A giant gecko skeleton (D:5)
  A giant gecko zombie (D:6)
  8 giant newts
  A jackal zombie (D:5)
  3 kobolds
  7 rats
140 creatures vanquished.

Notes
Turn   | Place    | Note
--------------------------------------------------------------
     0 | D:1      | Loading the Ghoul Monk began the quest for the Orb.
     0 | D:1      | Reached XP level 1. HP: 19/19 MP: 0/0
   202 | D:1      | Reached XP level 2. HP: 20/26 MP: 1/1
   553 | D:1      | Found a shattered altar of Ashenzari.
   684 | D:2      | Reached XP level 3. HP: 31/31 MP: 2/2
   709 | D:2      | Reached skill level 5 in Unarmed Combat
  1158 | D:2      | Found a faded altar to an unknown god.
  1349 | D:2      | Found a white marble altar of Elyvilon.
  1349 | D:2      | Found a shadowy altar of Dithmenos.
  1526 | D:3      | Noticed Gnarff's ghost (weakling FeTm)
  1535 | D:3      | Killed Gnarff's ghost
  1535 | D:3      | Reached XP level 4. HP: 26/39 MP: 3/3
  1635 | D:3      | Reached skill level 1 in Armour
  1831 | D:3      | Upgraded the game from 0.18.1-8-gdd0e5ea to 0.18.1-48-g4cf74bf
  1831 | D:3      | Found a burning altar of Makhleb.
  1838 | D:3      | Became a worshipper of Makhleb the Destroyer
  1838 | D:3      | Reached * piety under Makhleb
  1838 | D:3      | Reached ** piety under Makhleb
  1869 | D:3      | Noticed an ogre
  1876 | D:3      | Killed an ogre
  1876 | D:3      | Reached XP level 5. HP: 32/46 MP: 4/4
  1949 | D:3      | Reached skill level 6 in Unarmed Combat
  2346 | D:4      | Reached XP level 6. HP: 42/52 MP: 5/5
  2494 | D:4      | Found a shattered altar of Ashenzari.
  2709 | D:4      | Reached *** piety under Makhleb
  2770 | D:4      | Reached skill level 1 in Invocations
  2786 | D:4      | Reached XP level 7. HP: 18/60 MP: 5/7
  2906 | D:4      | Reached skill level 7 in Unarmed Combat
  3294 | D:5      | Entered Level 5 of the Dungeon
  3297 | D:5      | Reached skill level 5 in Fighting
  3845 | D:5      | Reached skill level 5 in Stealth
  3944 | D:5      | Reached XP level 8. HP: 63/68 MP: 9/9
  4015 | D:6      | Found a staircase to the Ecumenical Temple.
  4145 | D:6      | Reached skill level 8 in Unarmed Combat
  4394 | D:6      | Reached **** piety under Makhleb
  4567 | D:6      | Found a glowing golden altar of the Shining One.
  4580 | D:6      | Noticed Pikel
  4608 | D:6      | Killed Pikel
  4608 | D:6      | Reached skill level 9 in Unarmed Combat
  4608 | D:6      | Reached XP level 9. HP: 73/75 MP: 9/11
  5091 | D:7      | Noticed Prince Ribbit
  5109 | D:7      | HP: 1/75 [Prince Ribbit (12)]
  5111 | D:7      | Slain by Prince Ribbit

Skill      XL: |  1  2  3  4  5  6  7  8 |
---------------+-------------------------+-----
Unarmed Combat | 5 6 7 9 |  9.1
Dodging        | 3 |  3.0
Stealth        | 3 4 5 6 |  6.2
Armour         | 1 |  1.0
Fighting       | 4 5 6 |  6.3
Invocations    | 1 3 4 |  4.6

Action                   |  1- 3 |  4- 6 |  7- 9 || total
-------------------------+-------+-------+-------++-------
Melee: Unarmed           |   108 |   167 |   209 ||   484
       Punch             |     1 |     3 |     5 ||     9
Invok: Minor Destruction |       |     3 |       ||     3
  Use: Scroll            |     5 |       |     8 ||    13
 Stab: Sleeping          |    11 |     2 |     3 ||    16
       Distracted        |       |       |     1 ||     1
  Eat: Chunk             |    13 |    11 |    33 ||    57
Armor: Robe              |    11 |       |       ||    11
       Ring mail         |     9 |    55 |    46 ||   110
       Chain mail        |       |       |    46 ||    46
Dodge: Dodged            |    45 |    83 |    91 ||   219
